 Dungeon Crawl Stone Soup version 0.26-a0-64-g059e62fbdb (webtiles) character file.

Game seed: 11874300637135003386

9907 inmateoo the Fighter (level 11, -5/55 HPs)
             Began as a Felid Fighter on June 11, 2020.
             Was a Priest of Makhleb.
             Splashed by an oklob plant's acid (14 damage)
             ... on level 1 of the Lair of Beasts.
             The game lasted 00:31:35 (22429 turns).

inmateoo the Fighter (Felid Fighter)               Turns: 22429, Time: 00:31:35

Health: -5/55      AC:  2    Str: 18    XL:     11   Next: 29%
Magic:  19/19      EV: 23    Int: 13    God:    Makhleb [***...]
Gold:   1103       SH:  0    Dex: 16    Spells: 19/19 levels left
                                        Lives:  0   Deaths: 3

rFire    . . .     SeeInvis +     - Unarmed
rCold    . . .     Gourm    .   (shield unavailable)
rNeg     . . .     Faith    .   (armour unavailable)
rPois    .         Spirit   .   (helmet unavailable)
rElec    .         Reflect  .   (cloak unavailable)
rCorr    .         Harm     .   (gloves unavailable)
MR       +....                  (boots unavailable)
Stlth    +++++.....             (no amulet)
HPRegen  0.18/turn              f - ring of wizardry
MPRegen  0.16/turn              q - +6 ring of strength

@: quick
A: very small, no armour, no weapons or thrown items, stealth, claws 1, fangs 3,
see invisible, carnivore, speed 1, shaggy fur 2, slow metabolism 1, sharp paws
a: Minor Destruction, Lesser Servant of Makhleb, Renounce Religion


You were on level 1 of the Lair of Beasts.
You worshipped Makhleb.
Makhleb was most pleased with you.
You were completely stuffed.

You visited 3 branches of the dungeon, and saw 18 of its levels.
You also visited: Ossuary.

You collected 1129 gold pieces.
You spent 26 gold pieces at shops.

Inventory:

Jewellery
 f - a ring of wizardry (left paw)
 q - a +6 ring of strength (right paw)
 y - a +6 ring of intelligence
 z - an uncursed ring of flight
Wands
 k - a wand of disintegration (1)
 x - a wand of digging (5)
 A - a wand of iceblast (6)
Scrolls
 c - 5 scrolls of magic mapping
 g - 5 scrolls of fear
 i - 11 scrolls of teleportation
 m - 3 scrolls of remove curse
 p - 4 scrolls of amnesia
 s - a scroll of immolation
 B - a scroll of acquirement {unknown}
Potions
 d - 7 potions of curing
 e - 2 potions of magic
 h - 2 potions of cancellation
 j - 3 potions of lignification
 l - 3 potions of ambrosia
 n - 3 potions of might
 o - a potion of haste
 r - 3 potions of brilliance
 t - a potion of stabbing
 u - a potion of heal wounds
 v - 4 potions of mutation
 w - 3 potions of flight
Miscellaneous
 a - a phial of floods
Comestibles
 b - 17 rations


   Skills:
 + Level 11.3 Fighting
 - Level 8.0 Dodging
 - Level 10.0 Stealth
 + Level 11.3 Unarmed Combat
 + Level 4.9 Spellcasting
 - Level 5.0 Invocations
 - Level 5.0 Evocations


You had 19 spell levels left.
You didn't know any spells.
Your spell library contained the following spells:

 Spells                   Type           Power        Failure   Level  Hunger
 Confusing Touch          Hex            #.......     22%         3    ###....
 Gell's Gravitas          Tloc           #.........   22%         3    ###....
 Petrify                  Tmut/Erth      #.......     56%         4    ####...
 Metabolic Englaciation   Hex/Ice        #.........   88%         5    ######.
 Yara's Violent Unravell  Hex/Tmut       #.........   88%         5    ######.


Dungeon Overview and Level Annotations

Branches:
Dungeon (11/15)            Temple (1/1) D:6            Lair (6/6) D:9
    Orc (0/2) D:10        Ossuary (visited)
  Swamp: Lair:2-4    Shoals: Lair:2-4     Snake: Lair:2-4    Spider: Lair:2-4
  Slime: Lair:5-6

Altars:
Ashenzari
Cheibriados
Dithmenos
Elyvilon
Fedhas
Gozag
Hepliaklqana
Kikubaaqudgha
Makhleb
Nemelex Xobeh
Okawaru
Qazlal
Ru
Sif Muna
Trog
Uskayaw
Vehumet
Wu Jian
Xom
Yredelemnul
Zin
The Shining One

Shops:
D:5 :   D:10 *

Annotations:
D:8 2 runed translucent doors
Lair:1 exclusion: oklob plant


Innate Abilities, Weirdness & Mutations

You cannot wear armour.
You are incapable of wielding weapons or throwing items.
Your paws allow you to move quietly. (Stealth)
You have sharp claws.
You have razor-sharp teeth.
You have supernaturally acute eyesight. (SInv)
You are carnivorous and can eat meat at any time.
You cover ground quickly.
You are covered in thick fur. (AC +2)
You have a slow metabolism.
Your sharp claws are effective at attacking unaware monsters.


Message History

There is an open door here.
Found a scroll of noise.
Found a tower shield.
Some of the chunks of flesh in your inventory have rotted away.
Some of the chunks of flesh in your inventory have rotted away.
Partly explored, can't reach some places.
All of the chunks of flesh in your inventory have rotted away.
Really walk into a travel-excluded area?
Found a curved smoking staff.
The oklob plant spits acid at you. The splash of acid hits you!
You are splashed with acid!
The oklob plant spits acid at you. The splash of acid hits you!
You are splashed with acid!
* * * LOW HITPOINT WARNING * * *
You see here 6 gold pieces.
The oklob plant spits acid at you. The splash of acid hits you!
* * * LOW HITPOINT WARNING * * *
You are splashed with acid!
You die...

..#+..##.........# #..##
.................# #...#
.........####....# #..##
......P### ##...## ##..#
......## #!..P# #...#
.......# #...## ##..## ###
......## #....# #?..####.#
......# #...#######.........
......##
#..@.[.......####.##
.......# #..$.........# ####
......########.PPP........#
#
..............!PPP.....=..##
#
......##P.####.PPP.#.#.....#
# ....#####..#
##.|.####....## # ....# #..#
#### #....# ## ....# #.##
##....# #. ....# ##.#
#.....# ##


You could see an oklob plant.

Vanquished Creatures
  A centaur warrior (D:10)
  2 two-headed ogres (D:10)
  Urug (Lair:1)
  Pikel (D:8)
  A manticore (D:9)
  A black mamba (Lair:2)
  4 spiny frogs
  2 komodo dragons
  2 trolls
  3 hippogriffs
  4 blink frogs
  10 yaks
  A wyvern (Lair:3)
  A vampire mosquito (D:10)
  Menkaure (D:7)
  A soldier ant (D:6)
  7 water moccasins
  Duvessa (D:7)
  A porcupine (Lair:4)
  3 ice beasts
  3 black bears
  7 ogres
  2 sky beasts
  A phantom (D:6)
  4 wolves (Lair:1)
  4 centaurs
  6 crocodiles
  A big kobold (D:4)
  2 elf zombies (Ossuary)
  2 bullfrogs (Lair:3)
  Dowan (D:7)
  2 wyvern skeletons (D:9)
  5 scorpions
  4 killer bees
  9 wights
  A howler monkey (D:10)
  An electric eel (Lair:5)
  2 crimson imps (D:5)
  2 centaur zombies
  3 jellies
  A quasit (D:10)
  4 hounds
  5 orc priests
  2 centaur skeletons (D:5)
  8 orc wizards
  3 iguanas
  15 worker ants
  4 mummies (Ossuary)
  4 hound skeletons
  2 hound zombies
  A worker ant zombie (D:10)
  Robin (D:3)
  13 adders
  A shadow imp (D:7)
  2 oozes
  2 adder skeletons (D:4)
  3 adder zombies
  2 worms (D:2)
  A dart slug (D:1)
  3 leopard geckos
  37 orcs
  2 ball pythons (D:3)
  5 bats
  13 giant cockroaches
  11 goblins
  9 hobgoblins
  17 jackals
  5 quokkas
  4 frilled lizards
  A goblin zombie (Ossuary)
  A jackal zombie (Ossuary)
  7 kobolds
  A kobold zombie (Ossuary)
  A leopard gecko skeleton (D:5)
  2 orc zombies (Ossuary)
  7 rats
  2 rat zombies (Ossuary)
312 creatures vanquished.

Vanquished Creatures (others)
  A quokka (D:4)
  A plant (Lair:2)
2 creatures vanquished.

Grand Total: 314 creatures vanquished

Notes
Turn   | Place    | Note
-------+----------+-------------------------------------------
     0 | D:1      | inmateoo the Felid Fighter began the quest for the Orb.
     0 | D:1      | Reached XP level 1. HP: 10/10 MP: 2/2
   101 | D:1      | Reached skill level 1 in Stealth
   528 | D:1      | Reached XP level 2. HP: 14/14 MP: 3/3
  1678 | D:2      | Reached XP level 3. HP: 18/18 MP: 4/4
  1903 | D:2      | Found a glowing silver altar of Zin.
  1904 | D:2      | Found an ancient bone altar of Kikubaaqudgha.
  2584 | D:2      | You fall into a shaft and drop 2 floors!
  2592 | D:4      | Noticed a big kobold
  2615 | D:4      | Reached XP level 4. HP: 18/22 MP: 5/5
  2632 | D:4      | Killed a big kobold
  2632 | D:4      | Reached XP level 5. HP: 9/25 MP: 6/6
  2934 | D:4      | Reached skill level 5 in Stealth
  2949 | D:4      | Reached skill level 5 in Fighting
  3333 | D:3      | Noticed Robin
  3960 | D:3      | Found an ornate altar of the Wu Jian Council.
  4038 | D:3      | Gained mutation: You are covered in thick fur. (AC +2)
                  | [Felid growth]
  4038 | D:3      | Reached XP level 6. HP: 18/30 MP: 7/7
  4359 | D:3      | Killed Robin
  5834 | D:4      | Killed from afar by an orc priest
  5835 | D:4      | Reached XP level 5. HP: 0/26 MP: 6/6
  6012 | D:4      | Found a white marble altar of Elyvilon.
  6383 | D:4      | Reached XP level 6. HP: 20/31 MP: 7/7
  6816 | D:4      | Found a shimmering blue altar of Sif Muna.
  7294 | D:5      | Entered Level 5 of the Dungeon
  7320 | D:5      | Found a shadowy altar of Dithmenos.
  7460 | D:5      | Reached XP level 7. HP: 4/35 MP: 8/8
  8485 | D:5      | Found a white marble altar of Elyvilon.
  8547 | D:5      | Found a basalt altar of Yredelemnul.
  8579 | D:5      | Found Acuscho's Book Boutique.
  8748 | D:5      | Reached skill level 5 in Unarmed Combat
  8952 | D:6      | Found an iron altar of Okawaru.
  9117 | D:6      | Found a staircase to the Ecumenical Temple.
  9126 | Temple   | Entered the Ecumenical Temple
  9171 | Temple   | Became a worshipper of Makhleb the Destroyer
  9288 | D:6      | Reached XP level 8. HP: 26/40 MP: 9/9
  9668 | D:6      | Reached skill level 1 in Invocations
 10119 | D:6      | Found a runed translucent door.
 10120 | D:6      | Found a runed translucent door.
 10411 | D:6      | Reached skill level 10 in Stealth
 10604 | D:6      | Reached * piety under Makhleb
 10898 | D:7      | Found a sparkling altar of Nemelex Xobeh.
 10906 | D:7      | Noticed a troll
 11443 | D:7      | Found a sand-covered staircase.
 11489 | Ossuary  | Entered an ossuary
 11526 | Ossuary  | Reached XP level 9. HP: 34/44 MP: 12/12
 12114 | D:7      | Noticed Menkaure
 12918 | D:7      | Reached skill level 5 in Invocations
 12922 | D:7      | Killed Menkaure
 13455 | D:7      | Killed a troll
 13455 | D:7      | Noticed Dowan
 13457 | D:7      | Reached ** piety under Makhleb
 14553 | D:7      | Reached XP level 10. HP: 26/49 MP: 14/14
 14847 | D:7      | Noticed Duvessa
 14859 | D:7      | Killed Duvessa
 15096 | D:7      | Killed Dowan
 15606 | D:8      | Noticed Pikel
 15642 | D:8      | Killed Pikel
 15642 | D:8      | Reached skill level 10 in Fighting
 15883 | D:8      | Found a runed translucent door.
 15883 | D:8      | Found a runed translucent door.
 16506 | D:9      | Reached skill level 10 in Unarmed Combat
 16787 | D:9      | Noticed a manticore
 16789 | D:9      | Killed a manticore
 16789 | D:9      | Reached skill level 1 in Spellcasting
 16789 | D:9      | Reached skill level 1 in Evocations
 16993 | D:9      | Found a staircase to the Lair.
 17238 | D:10     | Entered Level 10 of the Dungeon
 17355 | D:10     | Found a staircase to the Orcish Mines.
 17458 | D:10     | Reached skill level 5 in Dodging
 17481 | D:10     | Noticed a two-headed ogre
 17483 | D:10     | Noticed a two-headed ogre
 17485 | D:10     | Noticed a centaur warrior
 17507 | D:10     | Killed a two-headed ogre
 17522 | D:10     | Slain by a centaur warrior
 17523 | D:10     | Reached XP level 9. HP: -2/46 MP: 13/13
 17615 | D:10     | Slain by a two-headed ogre
 17616 | D:10     | Reached XP level 8. HP: -1/43 MP: 12/12
 17648 | D:10     | Killed a centaur warrior
 17648 | D:10     | Reached XP level 9. HP: 36/47 MP: 13/13
 17668 | D:10     | Killed a two-headed ogre
 18228 | D:10     | Found Arin's Assorted Antiques.
 18234 | D:10     | Bought a scroll labeled KAD CAL GOA for 26 gold pieces
 18786 | D:11     | Noticed a white ugly thing
 18846 | Lair:1   | Entered Level 1 of the Lair of Beasts
 18846 | Lair:1   | Noticed a spiny frog
 18848 | Lair:1   | Noticed Urug
 18851 | Lair:1   | Killed a spiny frog
 18851 | Lair:1   | Reached XP level 10. HP: 51/51 MP: 15/15
 18919 | Lair:1   | Noticed an oklob plant
 18970 | Lair:1   | You fall into a shaft and drop 1 floor!
 19317 | Lair:2   | Found a basalt altar of Yredelemnul.
 19322 | Lair:2   | You fall into a shaft and drop 2 floors!
 19324 | Lair:4   | Noticed a spiny frog
 19333 | Lair:4   | Killed a spiny frog
 19459 | Lair:5   | Noticed a spiny frog
 19930 | Lair:4   | Noticed a spiny frog
 19941 | Lair:4   | Killed a spiny frog
 20449 | Lair:5   | Noticed a spiny frog
 20515 | Lair:6   | Entered Level 6 of the Lair of Beasts
 20717 | Lair:6   | Noticed a spiny frog
 20762 | Lair:5   | Killed a spiny frog
 20762 | Lair:5   | Reached *** piety under Makhleb
 21244 | Lair:3   | Reached skill level 5 in Evocations
 21306 | Lair:4   | Reached XP level 11. HP: 47/55 MP: 18/18
 22140 | Lair:1   | Killed Urug
 22429 | Lair:1   | Splashed by an oklob plant's acid

Illustrated notes

Levels and vault maps discovered:
D:1:      evilmike_arrival_home_sweet_home, layout_basic, serial_rivers,
          chequers_serial_rivers_micro_d, chequers_serial_rivers_small_a,
          chequers_serial_rivers_micro_d, chequers_serial_rivers_small_3,
          chequers_serial_rivers_micro_a
D:2:      layout_loops_cross, chequers_temple_overflow_statue_of_worship
D:3:      layout_loops_corners, lemuel_coloured_pillars_altar, uniq_robin
D:4:      kennysheep_big_flooded_room, layout_loops_ring, kennysheep_mini,
          chequers_serial_rivers_small_b, elyvilon_altar_4
D:5:      layout_basic, kennysheep_ying_yang, first_ration, serial_shops,
          nicolae_shop_behind_doors, nicolae_dithmenos_the_darkroom
D:6:      lemuel_insect_pit, layout_basic, okawaru_metal_pillars_3,
          minmay_temple_entry_overgrown
D:7:      layout_gridville, nemelex_xobeh_ov_fountains_minmay, enter_ossuary_5,
          uniq_duvessa, uniq_menkaure
D:8:      minmay_the_grid_triangle_9x9_recursive_2
          [minmay_the_grid_triangle_9x9_prize_insulated,
          minmay_the_grid_triangle_9x9_alien,
          minmay_the_grid_triangle_9x9_semitri,
          minmay_the_grid_triangle_9x9_tough_junction], layout_basic, uniq_pikel
D:9:      layout_roguey, lair_entry_dummy
D:10:     minmay_bloctagon, layout_basic, orc_0_dummy, serial_shops, shop
D:11:     layout_rooms, gammafunk_ghost_grave, serial_shops, shop
Temple:   nicolae_temple_god_jail
Lair:1:   layout_chaotic_city, minmay_lair_oklob_bushes, uniq_urug
Lair:2:   layout_chaotic_city, minmay_shoals_entry_hut, basic_altar,
          infiniplex_staircase_pool, minmay_lair_oklob_chamber
Lair:3:   layout_chaotic_city, spider_nest_entry_webs
Lair:4:   layout_cave_pods
Lair:5:   layout_gridlike, dpeg_slime_entry_corner, ebering_ghost_xom,
          grunt_megastairs_4, serial_bayou_shore_b, uniq_nessos
Lair:6:   evilmike_catoblepas_cave, layout_gridlike, minmay_hedge_maze,
          st_stairs_4, patterned_corridor

Skill      XL: |  1  2  3  4  5  6  7  8  9 10 11 |
---------------+----------------------------------+-----
Stealth        | 1 2 3 4 5 7 9 10 | 10.0
Fighting       | 4 5 6 7 8 9 11 | 11.3
Unarmed Combat | 5 6 8 11 | 11.3
Invocations    | 3 5 |  5.0
Spellcasting   | 3 4 |  4.9
Evocations     | 3 5 |  5.0
Dodging        | 6 7 8 |  8.0

Action                   |  1- 3 |  4- 6 |  7- 9 | 10-12 || total
-------------------------+-------+-------+-------+-------++-------
Melee: Unarmed           |   104 |   279 |   484 |   257 ||  1124
       Bite              |     8 |    32 |    64 |    25 ||   129
       Punch             |     3 |     5 |    13 |    16 ||    37
Invok: Minor Destruction |       |       |       |    61 ||    61
Evoke: Wand              |       |       |    26 |    10 ||    36
       Box of beasts     |       |       |       |     1 ||     1
       Phial of floods   |       |       |       |     1 ||     1
  Use: Scroll            |     6 |     5 |    10 |     5 ||    26
       Potion            |       |     3 |     4 |     5 ||    12
 Stab: Sleeping          |    10 |     7 |     9 |    10 ||    36
       Distracted        |       |     2 |     4 |     1 ||     7
       Invisible         |       |       |     8 |     3 ||    11
  Eat: Chunk             |    10 |    15 |    21 |    19 ||    65
Armor: Skin              |     7 |    13 |    22 |     7 ||    49
Dodge: Dodged            |    72 |   204 |   343 |   173 ||   792

Table legend:
 A = Non-vault XP
 B = Vault XP
 C = Vault XP percentage of total XP
 D = Non-vault monster count
 E = Vault monster count
 F = Vault count percentage of total count
                 A         B        C        D         E       F
            +---------+---------+-------+---------+---------+-------
      Total |   15226 |    6943 |  31.3 |     248 |      64 |  20.5
            +---------+---------+-------+---------+---------+-------
        D:1 |      31 |       0 |   0.0 |      17 |       0 |   0.0
        D:2 |      67 |       0 |   0.0 |      22 |       0 |   0.0
        D:3 |     125 |      36 |  22.4 |      23 |      12 |  34.3
        D:4 |     435 |      13 |   2.9 |      24 |       1 |   4.0
        D:5 |     951 |       0 |   0.0 |      31 |       0 |   0.0
        D:6 |     814 |     506 |  38.3 |      25 |      14 |  35.9
        D:7 |    2418 |     395 |  14.0 |      41 |       3 |   6.8
        D:8 |    1314 |     641 |  32.8 |      14 |       1 |   6.7
        D:9 |    1366 |       0 |   0.0 |      10 |       0 |   0.0
       D:10 |     394 |    3318 |  89.4 |       4 |      13 |  76.5
       D:11 |      42 |       0 |   0.0 |       1 |       0 |   0.0
     Lair:1 |    1152 |     859 |  42.7 |       7 |       1 |  12.5
     Lair:2 |    1857 |     355 |  16.0 |       8 |       1 |  11.1
     Lair:3 |    1639 |       0 |   0.0 |       9 |       0 |   0.0
     Lair:4 |    1665 |       0 |   0.0 |       7 |       0 |   0.0
     Lair:5 |     583 |     514 |  46.9 |       3 |       2 |  40.0
     Lair:6 |     373 |       0 |   0.0 |       2 |       0 |   0.0
    Ossuary |       0 |     306 | 100.0 |       0 |      16 | 100.0
            +---------+---------+-------+---------+---------+-------
